[ AOE2 MATCH · #495278923 ]
UnrankedMalians vs Wei
Player's team · LOSS
Rival team · WIN
[ REPLAY ANALYSIS · EXTRACTED FROM THE RECORDED GAME ]
Feudal
10:42
Castle
22:13
Imperial
37:33
| APM avg | 53.8 |
| APM peak | 103 |
| eAPM avg | 29.3 |
| Villagers / military | 162 / 122 |
Focus
⚔️ 43.9% · 🌾 56.1%
Archer ×62 · Skirmisher ×24 · Knight ×15 · Mangonel ×7 · Scout Cavalry ×5 · Monk ×4
Feudal
10:12
Castle
22:02
Imperial
41:26
| APM avg | 95.3 |
| APM peak | 214 |
| eAPM avg | 56.5 |
| Villagers / military | 159 / 105 |
Focus
⚔️ 69.7% · 🌾 30.3%
Skirmisher ×53 · Unknown (1952) ×39 · Unknown (1942) ×28 · Mangonel ×22 · Unknown (1944) ×20 · Archer ×17
Match map
Initial resources + every placement click. Lines = walls · curves = elevation contours. ◆ gold · ⬟ stone · ● berries · ✦ relic · ◌ wall gap
Your base· Open — 6t gap
AiM | Whocl's base· Open — unwalled flank
Smoothed initial terrain · ◌ = detected wall gap · hover for details
Inputs per minute
— buddybadi - - AiM | Whocl
Build order — buddybadi
First 150 of 476 actions detected
| 0:00 | Queue | Villager (Male) |
| 0:01 | Queue | Villager (Male) |
| 0:01 | Queue | Villager (Male) |
| 0:02 | Build | House |
| 0:04 | Build | House |
| 0:30 | Queue | Villager (Male) |
| 0:30 | Queue | Villager (Male) |
| 1:29 | Queue | Villager (Male) |
| 2:01 | Queue | Villager (Male) |
| 2:02 | Queue | Villager (Male) |
| 2:20 | Queue | Villager (Male) |
| 2:20 | Queue | Villager (Male) |
| 2:24 | Build | Lumber Camp |
| 2:47 | Queue | Villager (Male) |
| 3:12 | Queue | Villager (Male) |
| 3:33 | Queue | Villager (Male) |
| 4:00 | Build | House |
| 4:09 | Queue | Villager (Male) |
| 4:18 | Build | Barracks |
| 4:33 | Queue | Villager (Male) |
| 4:57 | Queue | Villager (Male) |
| 5:05 | Build | House |
| 5:08 | Build | House |
| 5:24 | Queue | Villager (Male) |
| 5:31 | Queue | Militia |
| 5:31 | Queue | Militia |
| 5:36 | Queue | Villager (Male) |
| 6:05 | Queue | Villager (Male) |
| 6:14 | Build | Mill |
| 6:33 | Queue | Militia |
| 6:50 | Queue | Villager (Male) |
| 7:08 | Queue | Villager (Male) |
| 7:27 | Queue | Villager (Male) |
| 7:46 | Build | Mill |
| 7:52 | Build | Palisade Wall |
| 7:56 | Research | Loom |
| 8:32 | Research | Feudal Age |
| 9:13 | Build | Palisade Wall |
| 10:01 | Build | House |
| 10:36 | Build | Palisade Wall |
| 10:38 | Build | Palisade Wall |
| 10:42 | Age | Feudal Age |
| 10:44 | Build | Palisade Gate |
| 10:48 | Build | Archery Range |
| 10:55 | Build | Palisade Wall |
| 10:58 | Queue | Villager (Male) |
| 10:59 | Queue | Villager (Male) |
| 11:00 | Research | Double-Bit Axe |
| 11:04 | Build | Blacksmith |
| 11:10 | Build | Farm |
| 11:12 | Build | Farm |
| 11:13 | Queue | Villager (Male) |
| 11:29 | Build | Mining Camp |
| 11:43 | Queue | Skirmisher |
| 11:45 | Queue | Villager (Male) |
| 11:54 | Queue | Skirmisher |
| 12:08 | Build | House |
| 12:09 | Queue | Villager (Male) |
| 12:19 | Queue | Skirmisher |
| 12:50 | Queue | Villager (Male) |
| 13:08 | Queue | Skirmisher |
| 13:10 | Queue | Archer |
| 13:12 | Research | Fletching |
| 13:17 | Build | Farm |
| 13:20 | Queue | Villager (Male) |
| 13:23 | Build | House |
| 13:29 | Research | Padded Archer Armor |
| 13:41 | Build | Archery Range |
| 13:49 | Build | Archery Range |
| 13:50 | Queue | Villager (Male) |
| 14:08 | Queue | Archer |
| 14:17 | Build | House |
| 14:18 | Build | House |
| 14:19 | Queue | Villager (Male) |
| 14:32 | Queue | Archer |
| 14:35 | Build | Palisade Wall |
| 14:45 | Build | House |
| 14:48 | Queue | Villager (Male) |
| 14:56 | Queue | Archer |
| 15:04 | Build | House |
| 15:14 | Build | Farm |
| 15:15 | Queue | Villager (Male) |
| 15:17 | Build | Farm |
| 15:35 | Queue | Archer |
| 15:41 | Queue | Villager (Male) |
| 15:51 | Build | Lumber Camp |
| 15:57 | Build | Palisade Wall |
| 16:00 | Build | Palisade Wall |
| 16:08 | Queue | Villager (Male) |
| 16:12 | Build | Farm |
| 16:23 | Queue | Villager (Male) |
| 16:23 | Queue | Villager (Male) |
| 16:52 | Queue | Villager (Male) |
| 16:53 | Queue | Villager (Male) |
| 16:55 | Queue | Archer |
| 16:55 | Queue | Archer |
| 17:14 | Build | Farm |
| 17:20 | Queue | Archer |
| 17:20 | Queue | Archer |
| 17:38 | Build | House |
| 17:44 | Queue | Villager (Male) |
| 18:00 | Build | House |
| 18:02 | Build | House |
| 18:04 | Build | House |
| 18:24 | Build | House |
| 18:28 | Queue | Villager (Male) |
| 18:31 | Queue | Archer |
| 18:31 | Queue | Archer |
| 18:33 | Build | Market |
| 18:39 | Build | Market |
| 18:50 | Build | Palisade Wall |
| 19:02 | Queue | Villager (Male) |
| 19:02 | Queue | Villager (Male) |
| 19:09 | Build | Farm |
| 19:16 | Queue | Archer |
| 19:16 | Queue | Archer |
| 19:18 | Build | Farm |
| 19:20 | Build | Farm |
| 19:21 | Build | Farm |
| 19:32 | Research | Castle Age |
| 19:33 | Research | Castle Age |
| 19:36 | Build | Farm |
| 19:45 | Build | Palisade Wall |
| 19:50 | Queue | Archer |
| 19:52 | Queue | Archer |
| 19:58 | Research | Padded Archer Armor |
| 19:58 | Research | Padded Archer Armor |
| 20:04 | Build | Farm |
| 20:08 | Research | Horse Collar |
| 20:16 | Build | Farm |
| 20:18 | Build | Farm |
| 20:34 | Queue | Archer |
| 20:34 | Queue | Archer |
| 20:36 | Build | Farm |
| 20:42 | Research | Gold Mining |
| 20:59 | Queue | Archer |
| 21:00 | Queue | Archer |
| 21:33 | Queue | Archer |
| 21:34 | Queue | Archer |
| 21:44 | Queue | Villager (Male) |
| 22:13 | Age | Castle Age |
| 22:23 | Queue | Villager (Male) |
| 22:31 | Research | Crossbowman (upgrade) |
| 22:32 | Research | Bodkin Arrow |
| 22:32 | Research | Bodkin Arrow |
| 22:37 | Build | Town Center |
| 22:42 | Build | Town Center |
| 22:43 | Queue | Villager (Male) |
| 23:07 | Build | Town Center |
| 23:20 | Queue | Villager (Male) |
Build order — AiM | Whocl
First 150 of 586 actions detected
| 0:01 | Queue | Villager (Male) |
| 0:02 | Build | House |
| 0:03 | Build | House |
| 0:14 | Queue | Villager (Male) |
| 0:14 | Queue | Villager (Male) |
| 0:15 | Queue | Villager (Male) |
| 0:15 | Queue | Villager (Male) |
| 1:31 | Queue | Villager (Male) |
| 1:31 | Queue | Villager (Male) |
| 1:54 | Build | Lumber Camp |
| 2:02 | Queue | Villager (Male) |
| 2:15 | Queue | Villager (Male) |
| 2:44 | Queue | Villager (Male) |
| 3:07 | Queue | Villager (Male) |
| 3:07 | Queue | Villager (Male) |
| 3:29 | Queue | Villager (Male) |
| 3:29 | Queue | Villager (Male) |
| 3:48 | Queue | Villager (Male) |
| 3:48 | Queue | Villager (Male) |
| 4:07 | Build | House |
| 4:30 | Queue | Villager (Male) |
| 4:37 | Build | Barracks |
| 4:54 | Queue | Villager (Male) |
| 5:17 | Queue | Villager (Male) |
| 5:24 | Build | House |
| 5:35 | Queue | Militia |
| 5:48 | Queue | Villager (Male) |
| 5:50 | Build | House |
| 6:02 | Queue | Militia |
| 6:08 | Queue | Villager (Male) |
| 6:16 | Build | Mill |
| 6:39 | Queue | Villager (Male) |
| 7:07 | Queue | Villager (Male) |
| 7:30 | Research | Loom |
| 8:02 | Research | Feudal Age |
| 8:20 | Build | Mining Camp |
| 8:31 | Build | House |
| 8:32 | Build | Palisade Wall |
| 9:08 | Queue | Militia |
| 9:09 | Queue | Militia |
| 9:37 | Queue | Militia |
| 10:12 | Age | Feudal Age |
| 10:16 | Queue | Villager (Male) |
| 10:32 | Build | Archery Range |
| 10:37 | Research | Man-at-Arms (upgrade) |
| 10:38 | Queue | Villager (Male) |
| 10:46 | Research | Double-Bit Axe |
| 11:02 | Queue | Skirmisher |
| 11:07 | Queue | Archer |
| 11:11 | Build | Farm |
| 11:12 | Build | Farm |
| 11:13 | Build | Farm |
| 11:13 | Build | Farm |
| 11:14 | Queue | Villager (Male) |
| 11:39 | Build | Farm |
| 11:41 | Build | Farm |
| 11:54 | Queue | Villager (Male) |
| 12:04 | Queue | Archer |
| 12:04 | Queue | Archer |
| 12:11 | Build | House |
| 12:18 | Build | Mill |
| 12:26 | Queue | Archer |
| 12:28 | Queue | Villager (Male) |
| 12:28 | Queue | Villager (Male) |
| 12:48 | Queue | Villager (Male) |
| 13:04 | Queue | Villager (Male) |
| 13:13 | Build | Stable |
| 13:19 | Build | Farm |
| 13:21 | Build | Farm |
| 13:25 | Queue | Archer |
| 13:48 | Queue | Archer |
| 14:02 | Queue | Villager (Male) |
| 14:04 | Build | Mill |
| 14:05 | Queue | Scout Cavalry |
| 14:14 | Build | House |
| 14:19 | Queue | Archer |
| 14:25 | Build | House |
| 14:26 | Build | House |
| 14:31 | Queue | Villager (Male) |
| 14:32 | Queue | Scout Cavalry |
| 14:48 | Build | Farm |
| 14:54 | Queue | Villager (Male) |
| 14:56 | Queue | Archer |
| 15:11 | Queue | Villager (Male) |
| 15:12 | Queue | Archer |
| 15:31 | Queue | Villager (Male) |
| 15:33 | Build | Blacksmith |
| 15:40 | Queue | Scout Cavalry |
| 15:41 | Queue | Scout Cavalry |
| 15:43 | Queue | Archer |
| 15:48 | Build | Farm |
| 15:51 | Build | House |
| 15:51 | Build | House |
| 15:54 | Queue | Villager (Male) |
| 16:14 | Research | Fletching |
| 16:17 | Queue | Villager (Male) |
| 16:25 | Build | House |
| 16:34 | Queue | Scout Cavalry |
| 16:53 | Queue | Villager (Male) |
| 17:00 | Queue | Archer |
| 17:21 | Queue | Villager (Male) |
| 17:26 | Queue | Villager (Male) |
| 17:27 | Build | Farm |
| 17:37 | Build | Market |
| 17:44 | Build | Archery Range |
| 17:56 | Queue | Villager (Male) |
| 18:13 | Queue | Villager (Male) |
| 18:15 | Build | Farm |
| 18:17 | Build | Farm |
| 18:20 | Queue | Villager (Male) |
| 19:22 | Research | Castle Age |
| 19:22 | Research | Castle Age |
| 19:22 | Research | Castle Age |
| 19:37 | Build | House |
| 19:37 | Build | House |
| 19:38 | Build | House |
| 19:40 | Build | House |
| 19:44 | Research | Gold Mining |
| 19:54 | Queue | Archer |
| 20:08 | Build | Lumber Camp |
| 20:11 | Queue | Scout Cavalry |
| 20:16 | Queue | Archer |
| 20:17 | Queue | Archer |
| 20:24 | Build | House |
| 20:37 | Queue | Scout Cavalry |
| 20:40 | Queue | Archer |
| 21:12 | Build | House |
| 21:24 | Build | House |
| 21:33 | Queue | Archer |
| 21:33 | Queue | Archer |
| 21:35 | Build | Farm |
| 21:36 | Build | Farm |
| 22:02 | Age | Castle Age |
| 22:07 | Research | Bodkin Arrow |
| 22:07 | Research | Crossbowman (upgrade) |
| 22:22 | Build | Siege Workshop |
| 22:23 | Queue | Villager (Male) |
| 22:33 | Research | Bow Saw |
| 22:35 | Build | House |
| 22:36 | Build | House |
| 22:39 | Queue | Villager (Male) |
| 22:40 | Research | Bloodlines |
| 22:40 | Research | Bloodlines |
| 22:49 | Queue | Mangonel |
| 22:50 | Build | Farm |
| 22:51 | Build | Farm |
| 23:06 | Queue | Villager (Male) |
| 23:10 | Build | Town Center |
| 23:14 | Research | Bodkin Arrow |
| 23:14 | Research | Bodkin Arrow |
Match timeline
| 4:18 | buddybadi · first_building Barracks |
| 4:37 | AiM | Whocl · first_building Barracks |
| 7:52 | buddybadi · wall_segment Palisade Wall x4 |
| 8:32 | AiM | Whocl · wall_segment Palisade Wall x6 |
| 9:13 | buddybadi · wall_segment Palisade Wall x7 |
| 10:12 | AiM | Whocl · age_up feudal |
| 10:32 | AiM | Whocl · first_building Archery Range |
| 10:36 | buddybadi · wall_segment Palisade Wall x2 |
| 10:38 | buddybadi · wall_segment Palisade Wall x2 |
| 10:42 | buddybadi · age_up feudal |
| 10:48 | buddybadi · first_building Archery Range |
| 10:55 | buddybadi · wall_segment Palisade Wall x1 |
| 13:13 | AiM | Whocl · first_building Stable |
| 14:35 | buddybadi · wall_segment Palisade Wall x1 |
| 15:57 | buddybadi · wall_segment Palisade Wall x7 |
| 16:00 | buddybadi · wall_segment Palisade Wall x6 |
| 18:34 | AiM | Whocl · first_market_sell 100 wood |
| 18:34 | AiM | Whocl · first_market_buy 100 food |
| 18:50 | buddybadi · wall_segment Palisade Wall x1 |
| 19:30 | buddybadi · first_market_buy 100 food |
| 19:45 | buddybadi · wall_segment Palisade Wall x1 |
| 22:02 | AiM | Whocl · age_up castle |
| 22:13 | buddybadi · age_up castle |
| 22:22 | AiM | Whocl · first_building Siege Workshop |
| 23:23 | buddybadi · first_building Siege Workshop |
| 25:51 | buddybadi · first_building Monastery |
| 28:57 | buddybadi · first_building Stable |
| 31:31 | buddybadi · first_market_sell 100 stone |
| 37:17 | AiM | Whocl · first_building Monastery |
| 37:24 | buddybadi · first_building Castle |
| 37:33 | buddybadi · age_up imperial |
| 37:46 | AiM | Whocl · wall_segment Palisade Wall x1 |
| 38:03 | AiM | Whocl · first_building Castle |
| 41:26 | AiM | Whocl · age_up imperial |
| 46:02 | buddybadi · resign |
[ AI ANALYSIS · 1 CREDIT ]
What really happened in this match?
Wolo.gg analyzes every decision: build order, eco, micro, common mistakes by bracket. Personalized analysis on WhatsApp or Discord in 30 seconds.
Civ guide
Malians
Perfil
buddybadi